Cogmind - Beta 14 @@@ ROGUE MODE // 2025.01.08 @ 18:12:49 Player: Demo Result: Destroyed by 5V-RZQ(R) with Subdweller Machine Gun Performance ------------- Evolutions (0) 0 Regions Visited (3) 600 Robots Destroyed (20) 100 Value Destroyed (518) 518 Prototype IDs (0) 0 Alien Tech Used (0) 0 Bonus (0) 0 TOTAL SCORE: 1218 Bonus ------- None Cogmind --------- Core Integrity 0/250 Matter 199/300 Energy 115/125 System Corruption 0% Temperature Cool (0) Movement Treading (480) Ox4 Location -10/Subcaves Parts ------- > --- POWER (1) -------- Light Ion Engine > --- PROPULSION (2) --- Light Treads Wheel > --- UTILITY (2) ------ Huge Storage Unit > --- WEAPON (2) ------- Improved Light Cannon Improved Light Cannon > --- INVENTORY (25) --- Light Ion Engine Light Nuclear Core Light Treads Aluminum Leg Aluminum Leg Wheel Wheel Heat Sink Small Storage Unit Medium Storage Unit High-capacity Storage Unit High-capacity Battery (250) Medium Matter Pod (100) Medium Matter Pod (100) Sensor Array Seismic Detector Seismic Detector Small Laser Small Laser Improved Light Cannon Datajack Mining Laser Plasma Cutter Hammer Hammer Peak State ------------ > --- POWER ------------ Light Ion Engine > --- PROPULSION ------- Light Treads Wheel > --- UTILITY ---------- Huge Storage Unit Light Armor Plating > --- WEAPON ----------- Small Laser Improved Light Cannon > --- INVENTORY -------- Light Ion Engine Light Nuclear Core Light Treads Aluminum Leg Aluminum Leg Wheel Wheel Heat Sink Small Storage Unit Medium Storage Unit High-capacity Storage Unit High-capacity Battery Medium Matter Pod Medium Matter Pod Sensor Array Seismic Detector Seismic Detector Small Laser Improved Light Cannon Improved Light Cannon Datajack Mining Laser Plasma Cutter Hammer Hammer [Rating: 11] Favorites ----------- Power Light Ion Engine Engine Light Ion Engine Propulsion Wheel Treads Light Treads Wheel Wheel Utility Huge Storage Unit Device Seismic Detector Storage Huge Storage Unit Protection Light Armor Plating Weapon EM Pulse Gun Energy Gun EM Pulse Gun Ballistic Cannon Improved Light Cannon Special Weapon Mining Laser Impact Weapon Hammer Build | -11 -10 -10 -10 ------- Run | Yrd Mat Min Sub Slots Evolved . | . . . . Power . | . . . . Propulsion . | . . . . Utility . | . . . . Weapon . | . . . . Parts Attached 27 | 7 13 2 5 Power 3 | 1 2 . . Engine 3 | 1 2 . . Core . | . . . . Reactor . | . . . . Propulsion 7 | 2 5 . . Treads 2 | 1 1 . . Leg . | . . . . Wheel 5 | 1 4 . . Hover . | . . . . Flight . | . . . . Utility 4 | 2 1 1 . Device 1 | 1 . . . Storage 2 | 1 1 . . Processor . | . . . . Hackware . | . . . . Protection 1 | . . 1 . Artifact . | . . . . Weapon 13 | 2 5 1 5 Energy Gun 4 | 2 2 . . Energy Cannon . | . . . . Ballistic Gun . | . . . . Ballistic Cannon 4 | . 1 . 3 Launcher . | . . . . Special Weapon 2 | . . . 2 Impact Weapon 3 | . 2 1 . Slashing Weapon . | . . . . Piercing Weapon . | . . . . Special Melee Weapon . | . . . . Unidentified Prototypes . | . . . . Parts Lost 8 | . 7 . 1 Power 1 | . 1 . . Propulsion 4 | . 4 . . Utility 1 | . . . 1 Weapon 2 | . 2 . . Highest Loss Streak 3 | . 3 . 1 To Critical Strikes . | . . . . Average Slot Usage (%) 98 | . 96 100 100 Engine 13 | . 13 14 14 Treads 7 | . 2 14 14 Wheel 19 | . 24 14 14 Device 8 | . 14 1 . Storage 14 | . 14 14 14 Protection 5 | . . 12 14 Energy Gun 15 | . 20 14 4 Ballistic Cannon 4 | . 1 6 9 Special Weapon 1 | . . . 9 Impact Weapon 5 | . 4 7 4 Peak Build Rating 11 | 7 10 11 11 Average Rating 8 | 5 7 10 10 On Entrance 6 | . 7 10 10 Naked Turns . | . . . . Heaviest Build 91 | 13 89 91 91 Greatest Support 20 | 10 20 10 10 Greatest Overweight (x) 9 | 1 8 9 9 Average Overweight (x) 5 | . 4 8 8 Largest Inventory Capacity 25 | 8 25 25 25 Average Capacity 23 | 7 23 25 25 Most Carried 25 | 5 25 25 25 Average Carried 17 | . 13 24 25 Final Capacity 25 | 8 25 25 25 Final Carried 25 | 4 23 25 25 Class Distribution -------------------- 80% | Mutant 19% | Scavenger-Mutant Dominant Class ---------------- Mutant | -10/Materials Mutant | -10/Mines Mutant | -10/Subcaves Resources | -11 -10 -10 -10 ----------- Run | Yrd Mat Min Sub Matter Collected 627 | 248 282 63 34 Remotely . | . . . . Salvage Created 827 | 139 593 55 40 Parts 43 | 15 25 2 1 Haulers Intercepted 1 | . 1 . . Recyclers Shooed . | . . . . Parts Field Recycled . | . . . . Retrieved Matter . | . . . . Parts Self-Destructed . | . . . . Prevented . | . . . . Kills | -11 -10 -10 -10 ------- Run | Yrd Mat Min Sub Combat Hostiles Destroyed 10 | . 7 2 1 Guns 2 | . 2 . . Cannons 5 | . 2 2 1 AOE 1 | . 1 . . Classes Destroyed 9 | 2 5 . 2 Worker 2 | . 2 . . Tunneler 4 | 3 1 . . Hauler 1 | . 1 . . Recycler 1 | 1 . . . Operator 1 | . 1 . . Watcher 1 | . 1 . . Grunt 9 | . 7 2 . Artisan 1 | . . . 1 Subdweller 1 | . . . 1 Best Kill Streak 4 | 4 2 2 1 Combat Bots Only 2 | . 2 2 1 Max Kills in Single Turn 1 | 1 1 1 1 Gunslinging . | . . . . Exploded 1 | . 1 . . Melee . | . . . . Uniques/NPCs Destroyed . | . . . . Combat | -11 -10 -10 -10 -------- Run | Yrd Mat Min Sub Hostile Shots Fired 63 | . 48 3 12 Missed 12 | . 10 1 1 Damage Taken 875 | . 632 29 214 Core 250 | . 190 . 60 Absorbed by Shields . | . . . . Core Remaining (%) 100 | 100 . . . Volleys Fired 84 | 12 39 5 28 Largest 2 | 2 2 2 2 Hottest 139 | 80 80 79 139 Shots Fired 123 | 24 55 8 36 Gun 76 | 24 47 3 2 Cannon 22 | . 8 5 9 Launcher . | . . . . Special 25 | . . . 25 Kinetic 22 | . 8 5 9 Thermal 32 | . 2 3 27 Explosive . | . . . . Electromagnetic 69 | 24 45 . . Robot Hit Streak 8 | 7 6 8 4 Robot Miss Streak 5 | 5 4 2 1 Penetration Max . | . . . . Secondary Targets . | . . . . Shots Hit Robots 70 | 10 47 5 8 Core Hits 27 | 4 17 3 3 Critical Kills . | . . . . Critical Parts Destroyed 2 | . 2 . . Critical Strikes 3 | . 3 . . Corrupt 1 | . 1 . . Smash 2 | . 2 . . Melee Attacks 45 | . 26 4 15 Impact 45 | . 26 4 15 Slashing . | . . . . Piercing . | . . . . Sneak Attacks 3 | . 3 . . Combat Hostiles . | . . . . Follow-up Attacks . | . . . . Damage Inflicted 1523 | 150 1162 100 111 Guns 569 | 130 428 11 . Cannons 309 | . 144 89 76 Explosions 96 | 20 76 . . Melee 514 | . 514 . . Ramming . | . . . . Kinetic 309 | . 144 89 76 Thermal 153 | 20 87 11 35 Explosive . | . . . . Electromagnetic 547 | 130 417 . . Impact 514 | . 514 . . Slashing . | . . . . Piercing . | . . . . Highest Corruption . | . . . . Average Corruption . | . . . . Corruption Purged . | . . . . Corruption Blocked . | . . . . Overload Shots . | . . . . Overflow Damage 318 | . 318 . . Projectiles . | . . . . Explosions 69 | . 69 . . Melee 249 | . 249 . . Knockbacks 8 | . 6 . 2 Impact 2 | . 2 . . Kinetic 6 | . 4 . 2 Secondary . | . . . . Self-Inflicted Damage 128 | . 128 . . Shots 3 | . 3 . . Rammed . | . . . . Targets Rammed . | . . . . Kicked . | . . . . Crushed . | . . . . Highest Temperature 181 | 70 181 107 . Average Temperature 61 | 29 77 44 . Received Heat Transfer 342 | . 282 18 42 Siege Activations . | . . . . Robots Corrupted 4 | . 4 . . Combat Hostiles 2 | . 2 . . Parts Fried 9 | . 9 . . Impact Corruptions 11 | . 11 . . Robots Melted . | . . . . Combat Hostiles . | . . . . Parts Melted . | . . . . Heat Transferred 287 | 50 125 25 87 Parts Sabotaged . | . . . . Parts Stolen . | . . . . Parts Stripped . | . . . . Power Chain Reactions 3 | 1 2 . . Alert | -11 -10 -10 -10 ------- Run | Yrd Mat Min Sub Peak Influence 222 | 20 222 69 . Initial 19 | . 13 19 . Average 80 | 8 108 47 . Maximum Alert Level 1 | . 1 . . Low Security (%) 95 | 100 92 100 . Level 1 4 | . 7 . . Level 2 . | . . . . Level 3 . | . . . . Level 4 . | . . . . Level 5 . | . . . . High Security . | . . . . Max Security . | . . . . Squads Dispatched . | . . . . Investigation . | . . . . Extermination . | . . . . Reinforcement . | . . . . Assault . | . . . . Garrison . | . . . . Intercept . | . . . . Searches Triggered . | . . . . Construction Impeded . | . . . . Haulers Reinforced . | . . . . Active Scanning Responses . | . . . . Cargo Convoy Interrupts . | . . . . Stealth | -11 -10 -10 -10 --------- Run | Yrd Mat Min Sub Distress Signals 1 | . 1 . . Communications Jammed . | . . . . Distress Signals . | . . . . Times Spotted 16 | . 12 2 2 Peak Tracking Total 3 | . 3 1 1 Tactical Retreats 1 | . 1 . . Traps | -11 -10 -10 -10 ------- Run | Yrd Mat Min Sub Traps Triggered . | . . . . Indirectly . | . . . . Trap Hack Attempts . | . . . . Triggered . | . . . . Disarmed . | . . . . Reprogrammed . | . . . . Reused . | . . . . Traps Extracted . | . . . . Installed . | . . . . Triggered 1 | . 1 . . Machines | -11 -10 -10 -10 ---------- Run | Yrd Mat Min Sub Machines Disabled 5 | . 5 . . Max in Single Turn 3 | . 3 . . Machines Repaired . | . . . . Machines Dismantled . | . . . . Machines Sabotaged . | . . . . Overloaded Fab Kills . | . . . . Hacking | -11 -10 -10 -10 --------- Run | Yrd Mat Min Sub Machines Accessed 5 | . 5 . . Terminals 4 | . 4 . . Fabricators . | . . . . Repair Stations . | . . . . Recycling Units 1 | . 1 . . Scanalyzers . | . . . . Garrison Access . | . . . . Total Hacks 18 | . 18 . . Successful 7 | . 7 . . Failed 11 | . 11 . . Catastrophic 1 | . 1 . . Database Lockouts . | . . . . Manual 12 | . 12 . . Terminals 15 | . 15 . . Fabricators . | . . . . Repair Stations . | . . . . Recycling Units 3 | . 3 . . Scanalyzers . | . . . . Garrison Access . | . . . . Terminal Hacks 1 | . 1 . . Branch Access Points 1 | . 1 . . Fabricator Hacks . | . . . . Repair Station Hacks . | . . . . Recycling Unit Hacks 1 | . 1 . . Retrieve Components 1 | . 1 . . Scanalyzer . | . . . . Garrison Access Hacks . | . . . . Unauthorized Hacks 5 | . 5 . . Terminals 3 | . 3 . . Botnet 2 | . 2 . . Operators 1 | . 1 . . Fabricators . | . . . . Repair Stations . | . . . . Recycling Units 2 | . 2 . . Monitor 1 | . 1 . . Recyclers 1 | . 1 . . Scanalyzers . | . . . . Garrison Access . | . . . . Data Cores Recovered 1 | . 1 . . Used . | . . . . Hacking Detections 4 | . 4 . . Full Trace Events 1 | . 1 . . Feedback Events . | . . . . Feedback Blocked . | . . . . Robot Schematics Acquired . | . . . . Robots Built . | . . . . Authchips . | . . . . Time . | . . . . Total Robot Build Rating . | . . . . Part Schematics Acquired . | . . . . Parts Built . | . . . . Authchips . | . . . . Time . | . . . . Total Part Build Rating . | . . . . Parts Repaired . | . . . . Time . | . . . . Parts Recycled . | . . . . Recycled Matter . | . . . . Retrieved Matter . | . . . . Retrieved Components 1 | . 1 . . Parts Scanalyzed . | . . . . Part Schematics Acquired . | . . . . Parts Damaged . | . . . . Bothacking | -11 -10 -10 -10 ------------ Run | Yrd Mat Min Sub Used RIF Installer . | . . . . Robots Hacked . | . . . . Non-combat . | . . . . Combat . | . . . . Robot Hacks Applied . | . . . . Relay Couplers Released . | . . . . Fabnet Peak Effective % . | . . . . Robots Rewired . | . . . . Allies Hacked . | . . . . Hacks Repelled . | . . . . Allies | -11 -10 -10 -10 -------- Run | Yrd Mat Min Sub Total Allies . | . . . . Largest Group . | . . . . Highest-Rated Group . | . . . . Highest-Rated Ally . | . . . . Total Orders . | . . . . Ally Attacks . | . . . . Total Damage . | . . . . Kills . | . . . . Allies Corrupted . | . . . . Allies Melted . | . . . . Intel | -11 -10 -10 -10 ------- Run | Yrd Mat Min Sub Robot Analysis Total . | . . . . Derelict Logs Recovered . | . . . . Drone Launches . | . . . . Drone Recoveries . | . . . . Exploration | -11 -10 -10 -10 ------------- Run | Yrd Mat Min Sub Turns Passed 1807 | 115 921 510 261 Spaces Moved 794 | 67 465 217 45 Core 11 | 11 . . . Treads . | . . . . Legs . | . . . . Wheels 783 | 56 465 217 45 Hover . | . . . . Flight . | . . . . Fastest Speed 50 | 50 95 200 200 Average Speed 157 | 91 140 204 209 Slowest Speed 215 | 100 200 215 215 Overloaded Moves . | . . . . Propulsion Burnouts . | . . . . Robots Hopped . | . . . . Cave-ins Triggered . | . . . . Exploration Rate (%) 33 | 5 78 50 1 Regions Visited 3 Branch Regions 2 Pre-discovered Areas . | . . . . Known Exits Taken 1 | . 1 . . Unknown Exits Taken 2 | 1 . 1 . Scrap Searched . | . . . . Spaces Dug 9 | . 2 . 7 Terrain Destroyed 46 | . 37 . 9 Melee 7 | . 2 . 5 Projectile 4 | . . . 4 AOE 35 | . 35 . . Terrain Rammed . | . . . . Walls Destroyed . | . . . . Machines Disabled . | . . . . Actions | -11 -10 -10 -10 --------- Run | Yrd Mat Min Sub Total 1089 | 93 631 267 98 Wait 109 | 2 64 38 5 Move 791 | 66 464 216 45 Hop . | . . . . Pick Up 32 | 5 25 2 . Fast Attach 7 | 7 . . . Attach 7 | . 7 . . Detach . | . . . . Swap 13 | . 6 2 5 Drop 1 | 1 . . . Fire 84 | 12 39 5 28 Melee 45 | . 26 4 15 Ram . | . . . . Kick . | . . . . Crush . | . . . . Escape Stasis . | . . . . Rewire . | . . . . Trap . | . . . . Miscellaneous . | . . . . Route ------- -11/Scrapyard -10/Materials (discovered 3 exits: [*Mat x2] / *Min) -10/Mines (discovered 2 exits: [*Mat] / [*Sub]) -10/Subcaves History --------- Turn | Location | Event 19 | -11/Scrapyard | Discovered new exit (range 16) 116 | -11/Scrapyard | Entered Materials 127 | -10/Materials | Identified exit to Mines 267 | -10/Materials | Discovered new exit (range 12) 317 | -10/Materials | Build established: Mutant 357 | -10/Materials | Discovered new exit (range 7) 565 | -10/Materials | Core integrity fell below 50% 872 | -10/Materials | Build established: Scavenger-Mutant 969 | -10/Materials | Lost 3 parts (2n1w) 1037 | -10/Materials | Entered Mines 1226 | -10/Mines | Build established: Mutant 1310 | -10/Mines | Discovered new exit (range 3) 1357 | -10/Mines | Discovered new exit (range 10) 1547 | -10/Mines | Entered Subcaves 1683 | -10/Subcaves | Ambushed by Subdweller buried in earth 1699 | -10/Subcaves | Core integrity fell below 20% 1800 | -10/Subcaves | Ambushed by angry Subdweller bent on revenge 1808 | -10/Subcaves | Destroyed by 5V-RZQ(R) with Subdweller Machine Gun Last Messages --------------- 01134_ Acquired 3 matter. 01220_ K-01 Serf collects debris. 01289_ T-07 Excavator is excavating. 01310_ EXIT=FOUND LOCATION=UNKNOWN AMBIENT_HEAT=-10 GOAL=ESCAPE MZ-E5R(R) emerges from concealment. 01674_ The unstable cave ceiling collapses. 01684_ U9-9EM(R): "ARGHSUB!" 01687_ U9-9EM(R) knocked back. 01702_ U9-9EM(R) destroyed. 01707_ Acquired 18 matter. 01742_ Acquired 16 matter. 01799_ 1D-O81(u) cries out in pain. 01799_ 1D-O81(u) destroyed. 01800_ 5V-RZQ(R) angrily emerges from the Twisted Machinery. 01800_ 5V-RZQ(R): "WEHOME!" 01806_ Lgt. Armor Plating destroyed. Map ----- +----------------------------------------------------+ | | | | | | | | | | | ?????????????????????????????????????????????????? | | ?????????????????????????????????????????????????? | | ?????????????????????????????????????????????????? | | ?????????????????????????????????????????????????? | | ?????????????????????????????????????????????????? | | ?????????????????????????????????????????????????? | | ?????????????????????????????????????????????????? | | ?????????????????????????????????????????????????? | | ?????????????????????????????????????????????????? | | ?????????????????????????????????????????????????? | | ?????????????????????????????????????????????????? | | ?????????????????????????????????????????????????? | | ??????????###????????????????????????????????????? | | ??????????# #????????????????????????????????????? | | ??????????# #???????????####?????????????????????? | | ???????####"############# #?????????????????????? | | ???????# ## # # #?????????????????????? | | ???????# """" #?????????????????????? | | ???????#" # # #""### #?????????????????????? | | ???????#"# ########### %#?????????????????????? | | ???????#### ###????????# @=#?????????????????????? | | ??????????# #??????????# #?????????????????????? | | ??????????# #?????????#"" ""????????????????????? | | ??????????###?????????#""R""# ???????????????????? | | ??????????????????????# """ #?#??????????????????? | | ??????????????????????### ""????????????????????? | | ????????????????????????#"""""???????????????????? | | ????????????????????????#"" ???????????????????? | | ???????????????????????? ?????????????????????? | | ????????????????????????# ??????????????????????? | | ?????????????????????????????????????????????????? | | ?????????????????????????????????????????????????? | | ?????????????????????????????????????????????????? | | ?????????????????????????????????????????????????? | | ?????????????????????????????????????????????????? | | ?????????????????????????????????????????????????? | | ?????????????????????????????????????????????????? | | ?????????????????????????????????????????????????? | | ?????????????????????????????????????????????????? | | ?????????????????????????????????????????????????? | | ?????????????????????????????????????????????????? | | ?????????????????????????????????????????????????? | | ?????????????????????????????????????????????????? | | ?????????????????????????????????????????????????? | | ?????????????????????????????????????????????????? | +----------------------------------------------------+ Best States ------------- Heat Dissipation 25 Energy Generation 10 Energy Capacity 125 Matter Stores 300 Matter Capacity 300 Sight Range 16 Terrain Scan Density 10 Armor Coverage 150 Evasion (%) 44 Recoil Reduction 1 Item Schematics ----------------- None Robot Schematics ------------------ None Fabricated ------------ Nothing Alien Tech Used ----------------- None Achievements -------------- None Challenges ------------ None Game ------ Seed HelicalDisposableDatajack Manual? 0 Play Time 00:11:45 Cumulative 140.3 hours Start 2025.01.08 @ 17:57:55 End 2025.01.08 @ 18:12:49 Sessions 1 Manual Loads 0 Difficulty Rogue Special Mode None Game No. 167 Rogue 167 Adventurer 0 Explorer 0 Win Type - Total 1 Types 1/0/0/0/0/0/0/0/0 Lore% 56 Gallery% 71 Achievement% 56 Wizard Run 0 Options --------- Layout 1 ASCII 0 Keyboard 0 Movement Numpad Keybinds 0 Fullscreen 1 Font 24/Smallcaps Map View 50x35 Zoom Use 0% Tactical HUD 1 Map Filters NONE Filters NONE Steam 1 RUN: d0645776-a2f4-4bbb-9cd6-d9293581be0b